 Dungeon Crawl Stone Soup version 0.29-a0-106-g0a07039d5a (webtiles) character file.

Game seed: 15506714661787555260

6361 Alacron the Slinger (level 11, 0/72 HPs)
             Began as a Formicid Hunter on Feb 16, 2022.
             Was an Initiate of Gozag.
             Succumbed to a killer bee's poison
             ... on level 8 of the Dungeon.
             The game lasted 01:00:15 (11795 turns).

Alacron the Slinger (Formicid Hunter)              Turns: 11795, Time: 01:00:16

Health: 0/72       AC: 15    Str: 24    XL:     11   Next: 17%
Magic:  11/11      EV: 13    Int: 10    God:    Gozag
Gold:   453        SH:  0    Dex: 18    Spells: 10/10 levels left

rFire   . . .      SeeInvis +   a - +2 hunting sling
rCold   . . .      Faith    .   (no shield)
rNeg    . . .      Spirit   .   n - +2 scale mail
rPois   .          Reflect  .   (helmet unavailable)
rElec   .          Harm     .   (no cloak)
rCorr   .          Rampage  .   y - +2 pair of gloves {Dex+3}
Will    +....                   (no boots)
Stlth   +++.......              I - amulet of regeneration
HPRegen 1.02/turn               s - +6 ring of strength
MPRegen 0.12/turn               C - +4 ring of protection

@: lethally poisoned (0 -> -5), gold aura
A: permanent stasis, dig shafts and tunnels, antennae 3, four strong arms
a: Dig, Shaft Self, Renounce Religion, Potion Petition, Call Merchant, Bribe
Branch


You were on level 8 of the Dungeon.
You worshipped Gozag.
Gozag was aware of your devotion.
You visited 2 branches of the dungeon, and saw 10 of its levels.

You collected 1436 gold pieces.
You spent 956 gold pieces at shops.
You paid 27 gold pieces to Gozag.

Inventory:

Hand Weapons
 a - a +2 hunting sling (weapon)
 b - a +0 short sword
 l - a +1 scythe of venom
 p - a +1 hand axe of flaming
Missiles
 d - 81 sling bullets
 e - 66 stones (quivered ammo)
 D - 3 throwing nets
Armour
 n - a +2 scale mail (worn)
 y - a +2 pair of gloves of dexterity (worn)
Jewellery
 c - a ring of ice
 o - a +6 ring of strength
 s - a +6 ring of strength (left hand)
 C - a +4 ring of protection (right hand)
 I - an amulet of regeneration (around neck)
Wands
 r - a wand of mindburst (17)
 J - a wand of polymorph (10)
Scrolls
 g - 2 scrolls of magic mapping
 h - 3 scrolls of identify
 k - 3 scrolls of immolation
 q - a scroll of vulnerability
 t - a scroll of blinking
 u - a scroll of fog
 w - 2 scrolls of enchant weapon
 x - a scroll of noise
 z - a scroll of amnesia
 E - a scroll of holy word
 K - a scroll of acquirement {unknown}
Potions
 f - 2 potions of heal wounds {unknown}
 i - 2 potions of lignification {unknown}
 j - 2 potions of degeneration {unknown}
 m - 4 potions of might
 v - 3 potions of mutation
 A - a potion of berserk rage {unknown}
 B - 3 potions of attraction {unknown}
 F - a potion of brilliance {unknown}
 G - a potion of magic {unknown}


   Skills:
 - Level 2.2 Fighting
 + Level 14.7 Slings
 * Level 6.4 Dodging
 * Level 8.7 Stealth
 + Level 1.0 Evocations


You had 10 spell levels left.
You didn't know any spells.
Your spell library contained the following spells:

 Spells                   Type           Power      Damage    Failure   Level
 Slow                     Hex            0%         N/A       69%         1
 Sting                    Tmut/Pois      0%         1d3       69%         1
 Poisonous Vapours        Pois/Air       0%         N/A       83%         2
 Confusing Touch          Hex            0%         N/A       96%         3
 Vampiric Draining        Necr           0%         2d6       96%         3
 Olgreb's Toxic Radiance  Pois           0%         N/A       100%        4
 Manifold Assault         Tloc           0%         N/A       100%        5
 Storm Form               Tmut/Air       0%         N/A       100%        7
 Blink                    Tloc           Unusable   N/A       N/A         2

Dungeon Overview and Level Annotations

Branches:
Dungeon (9/15)             Temple (1/1) D:6
   Lair: D:8-11         Orc: D:9-12

Altars:
Ashenzari
Cheibriados
Dithmenos
Elyvilon
Gozag
Hepliaklqana
Kikubaaqudgha
Makhleb
Nemelex Xobeh
Okawaru
Qazlal
Ru
Sif Muna
Trog
Uskayaw
Vehumet
Wu Jian
Yredelemnul
Zin
Jiyva

Shops:
D:3 ?(![(   D:8 =??

Annotations:
D:3 2 runed translucent doors


Innate Abilities, Weirdness & Mutations

You cannot be hasted, slowed, berserked, paralysed or teleported.
You can dig through walls and to a lower floor.
You have a pair of large antennae on your head. (SInv)
Your four strong arms can wield two-handed weapons with a shield.


Message History

You feel sick.
The killer bee stings you but does no damage.
The killer bee closely misses you. The killer bee misses you.
Fire: 69 stones
Press: ? - help, Q - select action, (/) - cycle Shift-Dir - straight line, f/p - killer bee
Aim: a killer bee (almost dead, 50% to hit)
You shoot a stone. The stone misses the killer bee.
You feel sick.
The killer bee stings you but does no damage.
The killer bee stings you.
* * * LOW HITPOINT WARNING * * *
You are more poisoned.
The killer bee poisons you!
Fire: 68 stones
Press: ? - help, Q - select action, (/) - cycle Shift-Dir - straight line, f/p - killer bee
Aim: a killer bee (almost dead, 50% to hit)
You shoot a stone. The stone misses the killer bee.
You feel very sick. The killer bee stings you.
* * * LOW HITPOINT WARNING * * *
The killer bee is distracted by your dazzling golden aura.
The killer bee stings you.
* * * LOW HITPOINT WARNING * * *
The killer bee buzzes angrily.
Fire: 67 stones
Press: ? - help, Q - select action, (/) - cycle Shift-Dir - straight line, f/p - killer bee
Aim: a killer bee (almost dead, 50% to hit)
You shoot a stone.
The stone hits the killer bee but does no damage.
The killer bee is no longer distracted by gold.
The killer bee is almost dead.
* * * LOW HITPOINT WARNING * * *
You feel sick. The killer bee closely misses you.
The killer bee is distracted by your dazzling golden aura.
The killer bee buzzes angrily.
Okay, then.
As you read the scroll of summoning, it crumbles to dust.
Wisps of shadow whirl around you...
You die...
Your body crumbles into a pile of gold.

####### #...... #.#####
####.#...# #.........
########### #......#.#
#......oyy# #.........
#....K.o@.# #......#..
#....o..K.# #......#..
#....oK.o.######......#.#
#..>.....o##.........)..#
#......K..##.........)..#
#.........##......)...).#
#.........########.......
#####..........# #.......
#..........# #.......


You could see 2 killer bees, a friendly orc warrior (summoned), a friendly
kobold brigand (summoned), a friendly orc priest (summoned), a friendly orc
wizard (summoned, wandering), 3 friendly orcs and 3 friendly kobolds.

Vanquished Creatures
  A cyclops (D:9)
  Sigmund (D:3)
  10 yaks
  A wraith (D:9)
  2 humans (D:7)
  Edmund (D:4)
  2 water moccasins
  A sky beast (D:6)
  3 orc warriors (D:7)
  A necrophage (D:5)
  4 ogres
  3 centaurs
  A phantom (D:5)
  3 kobold brigands
  The ghost of snaxamus the Firebug, an amateur DEFE (D:4)
  5 bullfrogs
  A scorpion (D:5)
  3 wyvern zombies
  A water moccasin skeleton (D:6)
  7 killer bees
  6 wights
  2 howler monkeys (D:7)
  2 bullfrog zombies (D:6)
  3 centaur zombies
  A jelly (D:7)
  3 bullfrog skeletons
  A hound (D:6)
  3 orc priests
  A centaur skeleton (D:5)
  A gnoll shaman (D:7)
  2 iguanas
  3 orc wizards
  3 killer bee zombies
  2 hound skeletons (D:3)
  2 howler monkey zombies (D:6)
  8 gnolls
  9 adders
  2 river rats (D:4)
  A shadow imp (D:5)
  4 white imps
  5 ufetubi
  6 worms
  4 dart slugs
  29 orcs
  5 ball pythons
  5 endoplasms
  A giant cockroach (D:3)
  7 goblins
  8 hobgoblins
  A jackal (D:3)
  15 kobolds
  3 quokkas
  7 bats
  3 frilled lizards
  10 rats
220 creatures vanquished.

Vanquished Creatures (others)
  5 withered plants (D:6)
5 creatures vanquished.

Grand Total: 225 creatures vanquished

Notes
Turn   | Place    | Note
-------+----------+-------------------------------------------
     0 | D:1      | Alacron the Formicid Hunter began the quest for the Orb.
     0 | D:1      | Reached XP level 1. HP: 16/16 MP: 1/1
   158 | D:1      | Reached XP level 2. HP: 22/22 MP: 2/2
   300 | D:1      | Reached skill level 5 in Slings
   972 | D:2      | Found a faded altar of an unknown god.
   980 | D:2      | Reached XP level 3. HP: 27/27 MP: 3/3
  1601 | D:3      | Reached XP level 4. HP: 33/33 MP: 4/4
  1857 | D:3      | Reached skill level 6 in Slings
  1857 | D:3      | Reached XP level 5. HP: 27/38 MP: 5/5
  2049 | D:3      | Found Rodob's Antique Armour Shop.
  2082 | D:3      | Found a shadowy altar of Dithmenos.
  2110 | D:3      | Noticed Sigmund
  2126 | D:3      | Killed Sigmund
  2127 | D:3      | Reached skill level 7 in Slings
  2127 | D:3      | Reached XP level 6. HP: 15/44 MP: 6/6
  2427 | D:3      | Identified the +1 leather armour "Xydyus" {rN+}
  2505 | D:3      | Found Esocagg's Weapon Emporium.
  2534 | D:3      | Found Jynasan's Distillery.
  2587 | D:3      | Found Zanuopt's Weapon Shop.
  2633 | D:3      | Found a hide-covered altar of Uskayaw.
  2633 | D:3      | Noticed a +0 short sword
  2633 | D:3      | Noticed a +0 dagger
  2633 | D:3      | Noticed a +0 spear
  2633 | D:3      | Noticed a +0 falchion
  2638 | D:3      | Noticed a +0 falchion
  2638 | D:3      | Noticed a +0 dagger
  2642 | D:3      | Noticed a +0 spear
  2643 | D:3      | Noticed a +0 short sword
  2669 | D:3      | Found a large runed translucent door.
  2670 | D:3      | Found a large runed translucent door.
  2724 | D:3      | Found an opulent altar of Gozag.
  2836 | D:3      | Became a worshipper of Gozag Ym Sagoz the Greedy
  2846 | D:3      | Found a shimmering blue altar of Sif Muna.
  3084 | D:3      | Found Lywenle's Magic Scroll Emporium.
  3105 | D:3      | Bought a scroll of magic mapping for 49 gold pieces
  3105 | D:3      | Bought a scroll of enchant armour for 105 gold pieces
  3260 | D:4      | Found a broken altar of Ashenzari.
  3450 | D:4      | Noticed an ogre
  3477 | D:4      | Killed an ogre
  3478 | D:4      | Reached XP level 7. HP: 30/50 MP: 7/7
  3659 | D:4      | Found a runed translucent door.
  3674 | D:4      | Noticed snaxamus's ghost (amateur DEFE)
  3928 | D:4      | Noticed a water moccasin
  3943 | D:4      | Killed a water moccasin
  3944 | D:4      | Reached skill level 8 in Slings
  4442 | D:4      | Found a runed translucent door.
  4695 | D:4      | Killed snaxamus's ghost
  4711 | D:4      | Reached XP level 8. HP: 34/56 MP: 8/8
  4731 | D:4      | Upgraded the game from 0.29-a0-103-g37f86683bf to
                  | 0.29-a0-106-g0a07039d5a
  5010 | D:5      | Entered Level 5 of the Dungeon
  5079 | D:5      | Reached skill level 9 in Slings
  5099 | D:6      | Noticed Edmund
  5099 | D:6      | Found a staircase to the Ecumenical Temple.
  5352 | D:3      | Bought a pair of runed gloves for 165 gold pieces
  5460 | D:4      | Killed Edmund
  5789 | D:5      | Reached skill level 5 in Stealth
  5994 | D:5      | Reached skill level 10 in Slings
  6403 | D:5      | Reached skill level 1 in Evocations
  6403 | D:5      | Reached XP level 9. HP: 61/61 MP: 9/9
  6888 | D:5      | HP: 3/61 [poisoned by a kobold brigand]
  6890 | D:5      | HP: 1/61 [poisoned by a kobold brigand]
  7323 | D:6      | Reached skill level 11 in Slings
  7524 | D:6      | Found an ornate altar of the Wu Jian Council.
  8168 | D:6      | Found a burning altar of Makhleb.
  8349 | Temple   | Entered the Ecumenical Temple
  8801 | D:7      | Reached skill level 12 in Slings
  8801 | D:7      | Reached skill level 5 in Dodging
  9099 | D:7      | Reached XP level 10. HP: 67/67 MP: 10/10
  9136 | D:7      | Found an iron altar of Okawaru.
  9182 | D:7      | Found a sacrificial altar of Ru.
  9956 | D:7      | Reached skill level 13 in Slings
 10375 | D:8      | Found Ytonuoh's Jewellery Boutique.
 10382 | D:8      | Bought an amulet of regeneration for 420 gold pieces
 10396 | D:8      | Found Anludoaj's Magic Scroll Emporium.
 10436 | D:8      | Bought a scroll of identify for 28 gold pieces
 10436 | D:8      | Bought 2 scrolls of identify for 56 gold pieces
 10436 | D:8      | Bought a scroll of identify for 28 gold pieces
 10436 | D:8      | Bought a scroll of identify for 28 gold pieces
 10781 | D:8      | Found a bloodstained altar of Trog.
 10850 | D:8      | Found Okko's Magic Scroll Boutique.
 10859 | D:8      | Bought a scroll of identify for 28 gold pieces
 10859 | D:8      | Bought a scroll of magic mapping for 49 gold pieces
 11122 | D:9      | Noticed a cyclops
 11213 | D:9      | Reached skill level 14 in Slings
 11341 | D:8      | HP: 3/67 [poisoned by a killer bee]
 11346 | D:8      | HP: 2/67 [poisoned by a killer bee]
 11456 | D:8      | Reached XP level 11. HP: 7/72 MP: 11/11
 11603 | D:9      | Killed a cyclops
 11794 | D:8      | HP: 2/72 [poisoned by a killer bee]
 11795 | D:8      | Succumbed to a killer bee's poison

Illustrated notes

Levels and vault maps discovered:
D:1:      dpeg_arrival_pond, layout_basic
D:2:      layout_basic, hellmonk_ecumenical_altar_zigzags
D:3:      layout_loops_ring, nicolae_uskayaw_en_pointe, jmf_multi_god_temple2,
          nicolae_dithmenos_through_a_glass_darkly, serial_shops,
          nicolae_shop_bloodbath_and_beyond, nicolae_shop_hallway_stairs,
          nicolae_shop_statue_plus, nicolae_shop_stone,
          nicolae_shop_behind_doors, minmay_pentangle, uniq_sigmund
D:4:      layout_loops_corners, mainiacjoe_overflow_small_starburst,
          ebering_ghost_sewer_f
D:5:      layout_cave_pools, corner_web_ring, hangedman_minor_gate_pass
D:6:      layout_loops_cross, mainiacjoe_overflow_24_doors,
          mainiacjoe_overflow_concentric_impassable,
          minmay_temple_entry_mini_moons, serial_undead, serial_undead_f,
          serial_undead_e, serial_undead_e, serial_undead_b, uniq_edmund
D:7:      layout_basic, okawaru_humans, nicolae_ru_path_of_blood
D:8:      layout_basic, mainiacjoe_overflow_catwalk, serial_shops,
          nicolae_shop_crystal, shop, nicolae_square_shop
D:9:      layout_rooms, tgw_fedhas, erik_lair_orcish_takeover
Temple:   pf_slime_end_temple

Skill      XL: |  1  2  3  4  5  6  7  8  9 10 |
---------------+-------------------------------+-----
Slings         | 5 6 7 8 10 12 14 | 14.7
Dodging        | 2 3 4 5 6 |  6.4
Stealth        | 2 3 4 5 6 8 |  8.7
Evocations     | 1 |  1.0
Fighting       | |  2.2

Action                   |  1- 3 |  4- 6 |  7- 9 | 10-12 || total
-------------------------+-------+-------+-------+-------++-------
 Fire: Hunting sling     |    66 |   140 |   491 |   449 ||  1146
 Abil: Dig               |       |     5 |     2 |     2 ||     9
Evoke: Wand              |       |       |     4 |       ||     4
  Use: Scroll            |     6 |     1 |       |    11 ||    18
Armor: Scale mail        |     4 |    28 |    96 |   104 ||   232
Dodge: Dodged            |     2 |    25 |   168 |   168 ||   363

Table legend: (Time is in decaauts)
 A = Elapsed time spent in this place.
 B = Non-inter-level travel time spent in this place.
 C = Inter-level travel time spent in this place.
 D = Time resting spent in this place.
 E = Time spent auto-exploring this place.
 F = Levels seen in this place.
 G = Mean time per level.
                   A        B        C        D        E       F      G
               +--------+--------+--------+--------+--------+-----+--------+
         Total |  11463 |  11065 |    398 |   1127 |   7761 |  10 | 1146.3 |
       Dungeon |  11325 |  10932 |    393 |   1127 |   7642 |   9 | 1258.3 |
        Temple |    138 |    134 |      4 |      0 |    119 |   1 |  138.0 |
               +--------+--------+--------+--------+--------+-----+--------+

Top non-repeatable levels by time:
     D:4: 2233 daAuts
     D:5: 1563 daAuts
     D:6: 1560 daAuts
     D:3: 1421 daAuts
     D:7: 1222 daAuts
     D:8: 1141 daAuts
     D:2: 1021 daAuts
     D:1: 959 daAuts
     D:9: 201 daAuts
  Temple: 138 daAuts
